 Dungeon Sprint DCSS version 0.24.0-123-gd5b16e6ec5 (webtiles) character file.

Game seed: 16111557396268597626, levelgen mode: deterministic

3900000 Groucho the Axe Maniac (level 25, 0/234 HPs)
             Began as a Formicid Fighter on Dec 30, 2019.
             Was the Champion of Makhleb.
             Slain by The Servant
             ... wielding a +9 glaive of flaming
              (26 damage)
             ... in the Dungeon (Sprint VIII: "Arena of Blood").
             The game lasted 00:01:56 (39 turns).

Groucho the Axe Maniac (Formicid Fighter)             Turns: 39, Time: 00:01:57

Health: 0/234      AC: 13    Str: 25    XL:     25   Next: 78%
Magic:  23/54      EV: 31    Int:  8    God:    Makhleb [******]
Gold:   0          SH: 19    Dex: 18    Spells: 78/78 levels left

rFire    . . .     SeeInvis +   l - +∞ Axe of Woe
rCold    . . .     Gourm    .   c - +0 shield
rNeg     . . .     Faith    .   b - +0 scale mail
rPois    .         Spirit   .   (helmet unavailable)
rElec    .         Reflect  .   (no cloak)
rCorr    .         Harm     .   (no gloves)
MR       ++...                  (no boots)
Stlth    ++++++++..             (no amulet)
HPRegen  0.49/turn              (no ring)
MPRegen  0.34/turn              (no ring)

@: no status effects
A: permanent stasis, dig shafts and tunnels, four strong arms, antennae 3
a: Dig, Minor Destruction, Lesser Servant of Makhleb, Major Destruction, Greater
Servant of Makhleb, Renounce Religion


You were in the Dungeon.
You worshipped Makhleb.
Makhleb was exalted by your worship.
You were not hungry.

You visited 1 branch

Inventory:

Hand Weapons
 a - a +0 long sword
 l - the +∞ Axe of Woe (weapon)
   (You found it in the Dungeon)
Armour
 b - a +0 scale mail (worn)
 c - a +0 shield (worn)
Scrolls
 k - a scroll of blinking
Potions
 d - a potion of might
 e - a potion of curing
 g - a potion of heal wounds
 h - a potion of haste
 i - 2 potions of magic
 j - a potion of berserk rage
Comestibles
 f - a ration


   Skills:
 O Level 27 Fighting
 O Level 27 Long Blades
 O Level 27 Axes
 O Level 27 Throwing
 O Level 27 Armour
 O Level 27 Dodging
 O Level 27 Stealth
 O Level 27 Shields
 O Level 27 Unarmed Combat
 O Level 27 Spellcasting
 O Level 27 Invocations


You had 78 spell levels left.
You didn't know any spells.
Your spell library was empty.

Dungeon Overview and Level Annotations

Branches:
Dungeon (1/1)

Altars:
Makhleb

Annotations:
D The Servant


Innate Abilities, Weirdness & Mutations

You cannot be hasted, slowed, berserked, paralysed or teleported.
You can dig through walls and to a lower floor.
Your four strong arms can wield two-handed weapons with a shield.
You have a pair of large antennae on your head. (SInv)


Message History

* * * LOW HITPOINT WARNING * * *
You hear a shout!
You slash the meat berserker!
You fatally mangle the meat berserker.
You kill the meat berserker!
Makhleb accepts your kill.
You feel better.
You are engulfed in blazing flames.
You hear a shout!
A bag of meat comes into view. It is wielding a +9 war axe.
You hear a shout! x7
Unknown command.
Unknown command.
You are engulfed in blazing flames.
You hear a shout! x3
The sculptor of flesh is engulfed in blazing flames.
You block the sculptor of flesh's attack.
The Servant is engulfed in blazing flames.
The Servant hits you with a +9 glaive of flaming!!!
* * * LOW HITPOINT WARNING * * *
The Servant burns you!!
You die...

.. oV ... ....V
#.. .{O# { .
{#.. ...# .
..###..
...###..
......###......
......%_)......
#§)§.)# #z@§)_#
{ #§@§))#
......_......
.%....###......
..###..
...###.. . #..
{...# . #..
...# ... .....


You could see The Servant and a sculptor of flesh.

Vanquished Creatures
  4 vampire knights (D)
  11 ogres (D)
  A two-headed ogre (D)
  11 orcs (D)
  2 skeletal warriors (D)
  4 large abominations (D)
  A small abomination (D)
  A crawling corpse (D)
35 creatures vanquished.

Notes
Turn   | Place    | Note
-------+----------+-------------------------------------------
     0 | D        | Found the +∞ Axe of Woe
     0 | D        | Groucho the Formicid Fighter began the quest for the Orb.
     0 | D        | Reached XP level 1. HP: 18/18 MP: 1/1
     2 | D        | Noticed a bag of meat
     3 | D        | Noticed a bag of meat
     4 | D        | Became a worshipper of Makhleb the Destroyer
     4 | D        | Noticed a bag of meat
     4 | D        | Noticed a bag of meat
     5 | D        | Noticed a bag of meat
     8 | D        | Killed a bag of meat
     8 | D        | Reached XP level 2. HP: 24/24 MP: 2/2
     8 | D        | Reached XP level 3. HP: 29/29 MP: 3/3
     8 | D        | Reached XP level 4. HP: 35/35 MP: 4/4
     8 | D        | Reached XP level 5. HP: 41/41 MP: 5/5
     8 | D        | Reached XP level 6. HP: 47/47 MP: 6/6
     8 | D        | Reached XP level 7. HP: 52/52 MP: 7/7
     8 | D        | Reached XP level 8. HP: 58/58 MP: 8/8
     8 | D        | Reached XP level 9. HP: 64/64 MP: 9/9
     8 | D        | Reached XP level 10. HP: 70/70 MP: 10/10
     8 | D        | Reached XP level 11. HP: 75/75 MP: 11/11
     8 | D        | Reached XP level 12. HP: 81/81 MP: 12/12
     8 | D        | Noticed a meat berserker
     9 | D        | Killed a meat berserker
     9 | D        | Reached * piety under Makhleb
     9 | D        | Reached XP level 13. HP: 86/86 MP: 13/13
     9 | D        | Reached XP level 14. HP: 93/93 MP: 14/14
     9 | D        | Killed a bag of meat
     9 | D        | Reached XP level 15. HP: 98/98 MP: 15/15
    10 | D        | Noticed a meat berserker
    10 | D        | Noticed a meat berserker
    11 | D        | Reached ** piety under Makhleb
    11 | D        | Reached skill level 27 in Axes
    11 | D        | Reached XP level 16. HP: 104/104 MP: 16/16
    12 | D        | Noticed a meat berserker
    12 | D        | Noticed a meat berserker
    13 | D        | Killed a meat berserker
    13 | D        | Reached skill level 27 in Shields
    13 | D        | Reached XP level 17. HP: 109/109 MP: 17/17
    15 | D        | Killed a meat berserker
    15 | D        | Reached *** piety under Makhleb
    15 | D        | Reached skill level 27 in Dodging
    15 | D        | Reached XP level 18. HP: 147/147 MP: 18/18
    15 | D        | Killed a meat berserker
    15 | D        | Noticed a meat berserker
    16 | D        | Noticed a meat berserker
    17 | D        | Killed a meat berserker
    17 | D        | Reached XP level 19. HP: 180/180 MP: 19/19
    19 | D        | Reached **** piety under Makhleb
    19 | D        | Noticed a meat berserker
    19 | D        | Noticed a meat berserker
    20 | D        | Noticed a meat berserker
    20 | D        | Noticed a destroyer
    21 | D        | Killed a meat berserker
    21 | D        | Reached skill level 27 in Fighting
    21 | D        | Reached skill level 27 in Armour
    21 | D        | Reached XP level 20. HP: 197/197 MP: 19/30
    21 | D        | Killed a meat berserker
    22 | D        | Killed a meat berserker
    22 | D        | Reached XP level 21. HP: 204/204 MP: 19/39
    24 | D        | Reached ***** piety under Makhleb
    24 | D        | Reached skill level 15 in Long Blades
    24 | D        | Reached skill level 15 in Throwing
    24 | D        | Reached skill level 15 in Unarmed Combat
    24 | D        | Reached skill level 15 in Spellcasting
    24 | D        | Killed a meat berserker
    25 | D        | Killed a meat berserker
    25 | D        | Reached XP level 22. HP: 212/212 MP: 19/45
    25 | D        | Killed a destroyer
    25 | D        | Noticed a destroyer
    25 | D        | Noticed a destroyer
    26 | D        | Noticed a large bag of meat
    26 | D        | Killed a destroyer
    26 | D        | Reached XP level 23. HP: 219/219 MP: 20/50
    26 | D        | Noticed a destroyer
    28 | D        | Reached skill level 27 in Invocations
    28 | D        | Killed a destroyer
    29 | D        | Noticed The Servant
    33 | D        | Reached ****** piety under Makhleb
    33 | D        | Reached XP level 24. HP: 227/227 MP: 22/53
    34 | D        | Killed a large bag of meat
    34 | D        | Reached skill level 27 in Long Blades
    34 | D        | Reached skill level 27 in Throwing
    34 | D        | Reached skill level 27 in Unarmed Combat
    34 | D        | Reached skill level 27 in Spellcasting
    34 | D        | Reached skill level 15 in Stealth
    34 | D        | Killed a destroyer
    34 | D        | Reached skill level 27 in Stealth
    34 | D        | Reached XP level 25. HP: 234/234 MP: 22/54
    35 | D        | Noticed a destroyer
    37 | D        | Noticed a destroyer
    39 | D        | Slain by The Servant

Levels and vault maps discovered:
D:        meatsprint

Skill      XL: |  1  2  3  4  5  6  7  8  9 10 11 12 13 14 15 16 17 18 19 20 21 22 23 24 |
---------------+-------------------------------------------------------------------------+-----
Axes           | 19 24 25 27 | 27.0
Dodging        | 13 16 17 20 26 27 | 27.0
Shields        | 17 21 22 25 27 | 27.0
Fighting       | 14 24 27 | 27.0
Armour         | 14 24 27 | 27.0
Long Blades    | 7 14 19 23 26 27 | 27.0
Throwing       | 6 14 19 23 26 27 | 27.0
Unarmed Combat | 6 14 19 23 26 27 | 27.0
Spellcasting   | 6 14 19 23 26 27 | 27.0
Invocations    | 8 16 22 26 27 | 27.0
Stealth        | 27 | 27.0

Action                   |  1- 3 |  4- 6 |  7- 9 | 10-12 | 13-15 | 16-18 | 19-21 | 22-24 | 25-27 || total
-------------------------+-------+-------+-------+-------+-------+-------+-------+-------+-------++-------
Melee: Executioner's axe |     1 |       |       |     1 |     2 |     3 |     5 |     5 |     3 ||    20
Dodge: Dodged            |       |       |       |       |       |       |     1 |       |       ||     1
Block: Shield            |       |       |       |       |       |       |       |       |     2 ||     2
